 Dungeon Crawl Stone Soup version 0.21-a0-260-g9b2435e (webtiles) character file.

993 tidbits the Insei (level 7, -7/53 HPs)
             Began as a Demigod Transmuter on Sept 7, 2017.
             Splashed by a jelly's acid (9 damage)
             ... on level 6 of the Dungeon.
             The game lasted 00:18:53 (2193 turns).

tidbits the Insei (Demigod Transmuter)              Turns: 2193, Time: 00:18:54

Health: -7/53      AC: -6    Str: 13    XL:     7   Next: 66%
Magic:  1/13       EV: 13    Int: 21    God:
Gold:   240        SH:  0    Dex: 16    Spells: 4/10 levels left

rFire    . . .     SeeInvis .     - Unarmed
rCold    . . .     Gourm    .   (no shield)
rNeg     . . .     Faith    .   B - +0 robe (curse)
rPois    +         Spirit   .   (no helmet)
rElec    .         Reflect  .   (no cloak)
rCorr    .         Harm     +   (no gloves)
MR       .....                  (no boots)
Stlth    ++........             E - amulet of harm
HPRegen  0.17/turn              P - ring of poison resistance
MPRegen  0.13/turn              W - ring of wizardry

@: corroded
A: high mp 1
a: no special abilities


You were on level 6 of the Dungeon.
You were hungry.

You visited 1 branch of the dungeon, and saw 6 of its levels.

You collected 240 gold pieces.

Inventory:

Hand Weapons
 b - a +0 hunting sling
 f - a -1 short sword
 i - a +0 shortbow
 x - the +0 hand axe "Murmur" {holy, rPois}
   (You found it on level 4 of the Dungeon)

   It has been blessed by the Shining One to cause great damage to the undead
   and demons.
   It protects you from poison.
 y - a +1 hand crossbow of freezing
   (You found it on level 4 of the Dungeon)
Missiles
 a - 66 arrows
 g - 104 stones (quivered)
Armour
 B - a cursed +0 robe (worn)
Jewellery
 o - a +3 ring of intelligence
   (You found it on level 2 of the Dungeon)
 E - an amulet of harm (around neck)
   (You found it on level 6 of the Dungeon)
 P - a ring of poison resistance (left hand)
   (You found it on level 1 of the Dungeon)
 W - a ring of wizardry (right hand)
   (You found it on level 5 of the Dungeon)
Wands
 s - a wand of disintegration (9/24)
Scrolls
 k - a scroll of recharging {unknown}
 l - a scroll of immolation {unknown}
 m - a scroll of magic mapping
 p - 4 scrolls of teleportation {unknown}
 q - a scroll of enchant weapon {unknown}
 t - 2 scrolls of amnesia {unknown}
 v - a scroll of fear {unknown}
 w - a scroll of blinking {unknown}
 z - 2 scrolls of enchant armour {unknown}
Potions
 e - a potion of agility
 j - 2 potions of curing {unknown}
 r - 2 potions of brilliance
 u - a potion of flight {unknown}
 C - a potion of magic {unknown}
Books
 c - a book of Changes

   Spells                             Type                      Level
   a - Beastly Appendage              Transmutation                1
   b - Sticks to Snakes               Transmutation                2
   c - Spider Form                    Transmutation/Poison         3
   d - Ice Form                       Ice/Transmutation            4
   e - Blade Hands                    Transmutation                5
Comestibles
 d - 6 bread rations
 h - 5 meat rations
 n - 9 fruits
 A - a royal jelly
 D - a chunk of flesh


   Skills:
 + Level 1.9 Fighting
 + Level 2.3 Dodging
 - Level 1.5 Stealth
 * Level 6.9 Unarmed Combat
 - Level 2.0 Spellcasting
 + Level 4.6 Transmutations


You had 4 spell levels left.
You knew the following spells:

 Your Spells              Type           Power        Failure   Level  Hunger
e - Beastly Appendage     Tmut           ###...       1%          1    #......
k - Sticks to Snakes      Tmut           ###.....     1%          2    ##.....
p - Spider Form           Tmut/Pois      ##........   7%          3    ###....


Dungeon Overview and Level Annotations

Branches:
Dungeon (6/15)             Temple (0/1) D:6


Innate Abilities, Weirdness & Mutations

You have an increased reservoir of magic. (+10% MP)


Message History

Things that are here:
a giant club; an ogre corpse
Found a scroll labeled XIOXEO TAAQA.
Found a stone staircase leading down.
Found a dented pearl amulet.
Your transformation is almost over.
There is a stone staircase leading down here.
You see here a scroll labeled XIOXEO TAAQA.
z - 2 scrolls labeled XIOXEO TAAQA (gained 1)
Found a staircase to the Ecumenical Temple.
You see here a dented pearl amulet.
E - a dented pearl amulet Your transformation has ended.
Your cursed +0 robe unmelds from your body.
Put on which piece of jewellery? (? for menu, Esc to quit)
E - an amulet of harm (around neck)
A giant cockroach comes into view.
Your ball python withers and dies!
Found a bread ration.
Casting: Sticks to Snakes
Confirm with . or Enter, or press ? or * to list all spells.
You turn into a venomous arachnid creature.
Your cursed +0 robe melds into your body.
You are feeling hungry.
A leopard gecko zombie comes into view.
Found 20 stones.
The helpless giant cockroach fails to defend itself.
You bite the giant cockroach!
You kill the giant cockroach!
The helpless leopard gecko zombie fails to defend itself.
You bite the leopard gecko zombie!
You destroy the leopard gecko zombie!
Your transformation is almost over.
Found 15 gold pieces.
You see here 20 stones.
You see here 15 gold pieces.
You now have 222 gold pieces (gained 15).
A bullfrog comes into view.
Your transformation has ended.
Your cursed +0 robe unmelds from your body.
The bullfrog gives a loud, deep croak!
Casting: Spider Form
Confirm with . or Enter, or press ? or * to list all spells.
You turn into a venomous arachnid creature.
Your cursed +0 robe melds into your body.
Some of the chunks of flesh in your inventory have rotted away.
Casting: Spider Form
Confirm with . or Enter, or press ? or * to list all spells.
You create a snake!
You now have 67 arrows.
You bite the bullfrog!
The bullfrog is moderately wounded.
The bullfrog misses you.
You hit the bullfrog but do no damage.
The bullfrog is poisoned.
The bullfrog is moderately wounded.
The bullfrog closely misses you.
You bite the bullfrog!
You kill the bullfrog!
Found 18 gold pieces.
Your transformation is almost over.
Found a scroll labeled ASMOGIOKHLA.
A jelly comes into view.
Found a club.
Found an escape hatch in the floor.
You see here 18 gold pieces.
You now have 240 gold pieces (gained 18).
The jelly jiggles.
Found a stone staircase leading down.
Casting: Sticks to Snakes
Confirm with . or Enter, or press ? or * to list all spells.
You create a snake!
You now have 66 arrows.
Your ball python bites the jelly.
Your ball python is burned by acid!
You hit the jelly. The acid corrodes you!
Your front legs burn!
The jelly is heavily wounded.
Your transformation has ended.
Your cursed +0 robe unmelds from your body.
Your ball python bites the jelly.
Your ball python is burned by acid!
Your ball python withers and dies!
The jelly hits you. The acid corrodes you!
You are splashed with acid!
The acid burns!
You hit the jelly but do no damage.
Your hands burn!
The jelly is severely wounded.
Your ball python bites the jelly.
Your ball python is burned by acid!
The jelly hits you.
You are splashed with acid!
The acid burns!
* * * LOW HITPOINT WARNING * * *
You completely miss the jelly.
The jelly is severely wounded.
Your ball python withers and dies!
You hit the jelly but do no damage.
Your hands burn!
* * * LOW HITPOINT WARNING * * *
The jelly is severely wounded.
The jelly hits you.
* * * LOW HITPOINT WARNING * * *
You are splashed with acid!
The acid burns!
* * * LOW HITPOINT WARNING * * *
You barely miss the jelly.
The jelly is severely wounded.
The jelly hits you.
* * * LOW HITPOINT WARNING * * *
You are splashed with acid!
The acid burns!
You die...

.....#.........##.#...#
#####.#.####### ####.##
###.## ##.## #...#
#8.## #...# #>... #...#
#8### ##..# ##
.#######..# #####.
.>.....@..# #.....
>.####.J..# #.###.
).....# ## ######.# #
?# .# .#


You could see a jelly.

Vanquished Creatures
  Eustachio (D:5)
  An orc warrior (D:4)
  An ogre (D:4)
  A centaur (D:4)
  A bullfrog (D:6)
  A hound (D:4)
  3 worker ants
  An iguana (D:6)
  2 orc wizards (D:5)
  A hound zombie (D:5)
  A howler monkey skeleton (D:4)
  5 adders
  2 gnolls (D:2)
  2 shadow imps
  An ooze (D:1)
  2 dart slugs (D:1)
  2 worms
  3 leopard geckos
  10 orcs
  3 bats
  3 giant cockroaches
  8 hobgoblins
  9 jackals
  3 kobolds (D:1)
  A quokka (D:5)
  A frilled lizard (D:4)
  13 goblins
  A leopard gecko zombie (D:6)
  2 rats
85 creatures vanquished.

Vanquished Creatures (collateral kills)
  2 ogres
  An adder (D:2)
  A leopard gecko (D:6)
  2 orcs (D:5)
  2 hobgoblins (D:1)
  A quokka (D:2)
  A quokka skeleton (D:5)
  A rat (D:1)
11 creatures vanquished.

Grand Total: 96 creatures vanquished

Notes
Turn   | Place    | Note
-------+----------+-------------------------------------------
     0 | D:1      | tidbits the Demigod Transmuter began the quest for the Orb.
     0 | D:1      | Reached XP level 1. HP: 15/15 MP: 5/5
    37 | D:1      | Reached skill level 2 in Spellcasting
    88 | D:1      | Reached skill level 2 in Transmutations
   127 | D:1      | Reached XP level 2. HP: 5/22 MP: 5/7
   131 | D:1      | Learned a level 2 spell: Sticks to Snakes
   134 | D:1      | HP: 2/22 [hobgoblin/club (3)]
   155 | D:1      | Reached skill level 3 in Unarmed Combat
   356 | D:2      | Reached XP level 3. HP: 7/27 MP: 4/8
   361 | D:2      | Learned a level 3 spell: Spider Form
   844 | D:2      | Found an iron altar of Okawaru.
   849 | D:2      | Reached XP level 4. HP: 30/34 MP: 5/9
   856 | D:2      | Reached skill level 4 in Unarmed Combat
  1223 | D:4      | Noticed an orc warrior
  1230 | D:4      | Killed an orc warrior
  1230 | D:4      | Reached skill level 1 in Stealth
  1230 | D:4      | Reached skill level 3 in Transmutations
  1230 | D:4      | Reached XP level 5. HP: 37/39 MP: 2/10
  1522 | D:5      | Entered Level 5 of the Dungeon
  1522 | D:5      | Noticed Eustachio
  1540 | D:5      | Killed Eustachio
  1540 | D:5      | Reached skill level 5 in Unarmed Combat
  1540 | D:5      | Reached XP level 6. HP: 29/46 MP: 5/11
  1609 | D:3      | Found a burning altar of Makhleb.
  1624 | D:4      | Reached skill level 4 in Transmutations
  1628 | D:4      | Reached skill level 6 in Unarmed Combat
  1674 | D:4      | Reached XP level 7. HP: 14/51 MP: 7/13
  1694 | D:4      | Reached skill level 1 in Fighting
  1711 | D:4      | Got a transparent hand axe
  1712 | D:4      | Identified the +0 hand axe "Murmur" {holy, rPois} (You found it on level 4 of the Dungeon)
  1868 | D:5      | Reached skill level 2 in Dodging
  1940 | D:5      | Found a snail-covered altar of Cheibriados.
  2134 | D:6      | Found a staircase to the Ecumenical Temple.
  2192 | D:6      | HP: 5/53 [acid (10)]
  2193 | D:6      | HP: 2/53 [jelly (3)]
  2193 | D:6      | Splashed by a jelly's acid

Vault maps used:
D:1:      lemuel_arrival_rhombus, hangedman_decor_diamond_cutter
D:2:      okawaru_altar_gauntlet_db, first_bread,
          chequers_ecumenical_altar_grove
D:3:      cheibrodos_greedy_goblins, gammafunk_temple_overflow_forgotten,
          hangedman_feature_mirror, hex_tiny, hex_intersection,
          makhleb_altar_promises_db
D:4:      kennysheep_generic_room_13
D:5:      lemuel_crystal_altar, uniq_eustachio
D:6:      grunt_qazlal_clouds, temple_statues, uniq_blork_the_orc

Skill      XL: |  1  2  3  4  5  6  7 |
---------------+----------------------+-----
Spellcasting   | 2 |  2.0
Transmutations | 2 3 4 |  4.6
Unarmed Combat | 3 4 5 6 |  6.9
Stealth        | 1 |  1.5
Fighting       | 1 |  1.9
Dodging        | 2 |  2.3

Action                   |  1- 3 |  4- 6 |  7- 9 || total
-------------------------+-------+-------+-------++-------
Melee: Short sword       |    38 |       |       ||    38
       Unarmed           |    48 |   108 |    56 ||   212
       Kick              |     6 |       |       ||     6
       Headbutt          |     8 |       |       ||     8
 Cast: Beastly Appendage |    10 |       |       ||    10
       Sticks to Snakes  |     6 |     4 |     8 ||    18
       Spider Form       |    11 |    16 |    10 ||    37
Evoke: Wand              |       |       |     3 ||     3
  Use: Scroll            |     5 |     1 |     2 ||     8
       Potion            |       |     2 |       ||     2
 Stab: Sleeping          |     2 |     1 |     2 ||     5
  Eat: Royal jelly       |     1 |       |       ||     1
       Chunk             |       |     5 |     3 ||     8
Armor: Robe              |     6 |     1 |       ||     7
       Skin              |     1 |     4 |     2 ||     7
Dodge: Dodged            |    69 |    95 |    27 ||   191

Table legend:
 A = Spawn XP
 B = Non-spawn XP
 C = Spawn XP percentage of total XP
 D = Spawn monster count
 E = Non-spawn monster count
 F = Spawn count percentage of total count
 G = Total turns spent on level
                    A         B        C        D         E        F      G
               +---------+---------+-------+---------+---------+-------+---------
         Total |       0 |    1419 |   0.0 |       0 |      96 |   0.0 |  2193
               +---------+---------+-------+---------+---------+-------+---------
           D:1 |       0 |      49 |   0.0 |       0 |      23 |   0.0 |   427
           D:2 |       0 |      91 |   0.0 |       0 |      18 |   0.0 |   537
           D:3 |       0 |      34 |   0.0 |       0 |      12 |   0.0 |   274
           D:4 |       0 |     625 |   0.0 |       0 |      21 |   0.0 |   523
           D:5 |       0 |     381 |   0.0 |       0 |      16 |   0.0 |   326
           D:6 |       0 |     239 |   0.0 |       0 |       6 |   0.0 |   106
               +---------+---------+-------+---------+---------+-------+---------

Table legend:
 A = Turns spent in this place as a percentage of turns spent in the entire game.
 B = Non-inter-level travel turns spent in this place as a percentage of non-inter-level travel turns spent in the entire game.
 C = Inter-level travel turns spent in this place as a percentage of turns spent in this place.
 D = Turns resting spent in this place as a percentage of non-inter-level travel turns spent in this place.
 E = Turns spent auto-exploring this place as a percentage of non-inter-level travel turns spent in this place.
 F = Non-inter-level travel turns spent in this place divided by the number of levels of this place that you've seen.
                   A       B       C       D       E      F
               +-------+-------+-------+-------+-------+----------------------
         Total | 100.0 | 100.0 |   3.1 |   0.0 |   0.0 | 354.3
       Dungeon | 100.0 | 100.0 |   3.1 |   0.0 |   0.0 | 354.3
               +-------+-------+-------+-------+-------+----------------------

Table legend:
 A = Kills in this place as a percentage of kills in entire the game.
 B = Kills by you in this place as a percentage of kills by you in the entire game.
 C = Kills by friends in this place as a percentage of kills by friends in the entire game.
 D = Other kills in this place as a percentage of other kills in the entire game.
 E = Experience gained in this place as a percentage of experience gained in the entire game.
 F = Experience gained in this place divided by the number of levels of this place that you have seen.
                   A       B       C       D       E      F
               +-------+-------+-------+-------+-------+----------------------
         Total | 100.0 | 100.0 | 100.0 |   N/A | 100.0 | 236.5
       Dungeon | 100.0 | 100.0 | 100.0 |   N/A | 100.0 | 236.5
               +-------+-------+-------+-------+-------+----------------------

Vault maps used:
D:1:      lemuel_arrival_rhombus, hangedman_decor_diamond_cutter
D:2:      okawaru_altar_gauntlet_db, first_bread,
          chequers_ecumenical_altar_grove
D:3:      cheibrodos_greedy_goblins, gammafunk_temple_overflow_forgotten,
          hangedman_feature_mirror, hex_tiny, hex_intersection,
          makhleb_altar_promises_db
D:4:      kennysheep_generic_room_13
D:5:      lemuel_crystal_altar, uniq_eustachio
D:6:      grunt_qazlal_clouds, temple_statues, uniq_blork_the_orc
